 Dungeon Sprint DCSS version 0.26.1-2-gb8aa6d0cf2 (webtiles) character file.

Game seed: 487883445565547744

459 Groucho the Unseen (level 7, -8/61 HPs)
             Began as a Gargoyle Berserker on Mar 20, 2021.
             Was a Believer of Trog.
             Mangled by a centaur warrior (12 damage)
             ... in the Dungeon (Sprint I: "Red Sonja").
             The game lasted 00:01:16 (606 turns).

Groucho the Unseen (Gargoyle Berserker)              Turns: 606, Time: 00:01:17

Health: -8/61      AC:  6    Str: 21    XL:     7   Next: 6%
Magic:  7/7        EV: 12    Int:  7    God:    Trog [**....]
Gold:   297        SH:  0    Dex: 11    Spells: 6/6 levels left

rFire    . . .     SeeInvis .   a - +0 short sword
rCold    . . .     Faith    .   (no shield)
rNeg     + . .     Spirit   .   b - +0 animal skin
rPois    ∞         Reflect  .   (no helmet)
rElec    +         Harm     .   (no cloak)
rCorr    .         Rampage  .   (no gloves)
Will     ++...     NoTele   +   (no boots)
Stlth    ..........             (no amulet)
HPRegen  1.20/turn              (no ring)
MPRegen  0.10/turn              (no ring)

@: berserking (expiring), regenerating, very quick
A: negative energy resistance 1, electricity resistance, unbreathing,
petrification resistance, miasma immunity, AC +4
a: Renounce Religion, Berserk, Trog's Hand


You were in the Dungeon.
You worshipped Trog.
Trog was pleased with you.
You visited 1 branch You collected 297 gold pieces.

Inventory:

Hand Weapons
 a - a +0 short sword (weapon)
Armour
 b - a +0 animal skin (worn)
Wands
 i - a wand of flame (16)
Potions
 d - a potion of heal wounds
 e - a potion of haste
 f - 2 potions of magic
 g - a potion of berserk rage


   Skills:
 - Level 3.2 Fighting
 - Level 2.6 Short Blades
 - Level 2.1 Armour
 - Level 1.5 Dodging
 + Level 16.1 Stealth


You had 6 spell levels left.
You didn't know any spells.
Your spell library was empty.

Dungeon Overview and Level Annotations

Branches:
Dungeon (1/1)

Altars:
Cheibriados
Dithmenos
Elyvilon
Fedhas
Gozag
Hepliaklqana
Kikubaaqudgha
Nemelex Xobeh
Okawaru
Qazlal
Ru
Sif Muna
Trog
Uskayaw
Vehumet
Wu Jian
Yredelemnul
Zin
The Shining One

Shops:
D (


Innate Abilities, Weirdness & Mutations

You are resistant to torment.
Your stone body is resilient. (AC +4)
You are immune to poison.
You resist negative energy. (rN+)
You are resistant to electric shocks. (rElec)
You can survive without breathing.
You are immune to petrification.
You are immune to miasma.


Message History

Unknown command.
You puncture the centaur warrior!
The centaur warrior is moderately wounded.
The centaur warrior closely misses you. The centaur warrior hits you!
* * * LOW HITPOINT WARNING * * *
You closely miss the centaur warrior.
The centaur warrior is moderately wounded.
The centaur warrior hits you.
* * * LOW HITPOINT WARNING * * *
You hit the centaur warrior.
The centaur warrior is moderately wounded.
The centaur warrior barely misses you. The centaur warrior hits you!
* * * LOW HITPOINT WARNING * * *
The centaur warrior closely misses you.
Unknown command.
Unknown command.
You hit the centaur warrior.
The centaur warrior is moderately wounded.
The centaur warrior hits you!
You die...

#############
#..)..#.)'..#
'..#..'..#..+
#####'#####'# ####
####..#...#)####§§#
#__####..##§#≈§§§§#
#_____##'#_.§§§§c§+
#_.∩..†'..._#§§§@c#
#_..__##_.#'##+####
#_____###+#)#
####### ###


You could see 2 centaur warriors.

Vanquished Creatures
  Sigmund (D)
  A yak (D)
  An ogre (D)
  A jelly (D)
  Ijyb (D)
5 creatures vanquished.

Notes
Turn   | Place    | Note
-------+----------+-------------------------------------------
     0 | D        | Groucho the Gargoyle Berserker began the quest for the Orb.
     0 | D        | Reached XP level 1. HP: 14/14 MP: 1/1
     2 | D        | Noticed Ijyb
    11 | D        | Killed Ijyb
    12 | D        | Reached skill level 6 in Stealth
    12 | D        | Reached XP level 2. HP: 19/19 MP: 2/2
    12 | D        | Reached XP level 3. HP: 23/23 MP: 3/3
    65 | D        | Noticed an ogre
    75 | D        | Killed an ogre
    76 | D        | Reached skill level 10 in Stealth
    76 | D        | Reached XP level 4. HP: 28/28 MP: 4/4
   225 | D        | Noticed Sigmund
   233 | D        | Killed Sigmund
   233 | D        | Reached ** piety under Trog
   234 | D        | Reached skill level 14 in Stealth
   234 | D        | Reached XP level 5. HP: 29/32 MP: 5/5
   234 | D        | Reached XP level 6. HP: 33/37 MP: 6/6
   549 | D        | Found a shimmering blue altar of Sif Muna.
   550 | D        | Found an ornate altar of the Wu Jian Council.
   551 | D        | Found a radiant altar of Vehumet.
   577 | D        | Found Restup's Weapon Emporium.
   577 | D        | Found an ancient bone altar of Kikubaaqudgha.
   577 | D        | Found a hazy altar of Hepliaklqana.
   577 | D        | Found a stormy altar of Qazlal.
   577 | D        | Found a hide-covered altar of Uskayaw.
   577 | D        | Found a blossoming altar of Fedhas.
   577 | D        | Found a bloodstained altar of Trog.
   577 | D        | Found an iron altar of Okawaru.
   577 | D        | Found a basalt altar of Yredelemnul.
   577 | D        | Found a glowing golden altar of the Shining One.
   577 | D        | Found a snail-covered altar of Cheibriados.
   577 | D        | Found a sacrificial altar of Ru.
   577 | D        | Found a glowing silver altar of Zin.
   577 | D        | Found a shadowy altar of Dithmenos.
   577 | D        | Found a white marble altar of Elyvilon.
   577 | D        | Noticed a yak
   578 | D        | Found an opulent altar of Gozag.
   579 | D        | Killed a yak
   580 | D        | Reached skill level 16 in Stealth
   580 | D        | Reached XP level 7. HP: 41/41 MP: 7/7
   580 | D        | Found a sparkling altar of Nemelex Xobeh.
   598 | D        | Noticed a centaur warrior
   598 | D        | Noticed a centaur warrior
   605 | D        | HP: 3/61 [centaur warrior (10)]
   606 | D        | Mangled by a centaur warrior

Illustrated notes

Levels and vault maps discovered:
D:        dungeon_sprint_1 [red_sonja_temple_1, red_sonja_temple_small_1]

Skill      XL: |  1  2  3  4  5  6 |
---------------+-------------------+-----
Stealth        | 6 10 14 16 | 16.1
Fighting       | |  3.2
Short Blades   | |  2.6
Armour         | |  2.1
Dodging        | |  1.5

Action                   |  1- 3 |  4- 6 |  7- 9 || total
-------------------------+-------+-------+-------++-------
Melee: Short sword       |    12 |     7 |     6 ||    25
Invok: Berserk           |     2 |     1 |     1 ||     4
       Trog's Hand       |       |       |     1 ||     1
  Use: Potion            |       |     1 |       ||     1
       Scroll            |       |       |     1 ||     1
 Stab: Sleeping          |     1 |     3 |       ||     4
Armor: Animal skin       |     1 |       |     1 ||     2
Dodge: Dodged            |     6 |     1 |     6 ||    13
